 Dungeon Crawl Stone Soup version 0.29-a0-409-gd843f3a48c (webtiles) character file.

Game seed: 17724829591020510229

9498 jlumianski the Spear-Bearer (level 11, -2/81 HPs)
             Began as a Demonspawn Fighter on May 14, 2022.
             Was a Believer of Qazlal.
             Slain by a death yak (19 damage)
             ... on level 8 of the Dungeon.
             The game lasted 00:37:12 (10369 turns).

jlumianski the Spear-Bearer (Demonspawn Fighter)   Turns: 10369, Time: 00:37:12

Health: -2/81      AC: 14    Str: 27    XL:     11   Next: 23%
Magic:  16/16      EV:  9    Int: 11    God:    Qazlal [**....]
Gold:   456        SH: 15    Dex: 22    Spells: 10/10 levels left

rFire   . . .      SeeInvis .   x - +10 spear "Ungiq" {speed, Drain rCorr Str+3 Dex+3}
rCold   . . .      Faith    .   c - +0 buckler
rNeg    + . .      Spirit   .   N - +1 chain mail {rPois}
rPois   +          Reflect  +   (helmet restricted)
rElec   .          Harm     .   u - +1 cloak
rCorr   +          Rampage  .   (no gloves)
Will    .....                   (no boots)
Stlth   ..........              M - amulet of Fun {Reflect rN+ Str+3 Int+2 SH+5}
HPRegen 0.23/turn               F - +6 ring of dexterity
MPRegen 0.15/turn               (no ring)

@: studying Ice Magic
A: hooves 2, horns 2, foul stench 1, spiny 1, weakness stinger 1
a: Renounce Religion, Upheaval


You were on level 8 of the Dungeon.
You worshipped Qazlal.
Qazlal was pleased with you.
You visited 1 branch of the dungeon, and saw 8 of its levels.
You also visited: Bailey.

You collected 456 gold pieces.

Inventory:

Hand Weapons
 a - a +0 war axe of freezing
 d - a +3 quarterstaff of chaos
 e - a +0 broad axe
 x - the +10 spear "Ungiq" (weapon) {speed, Drain rCorr Str+3 Dex+3}
   (You found it on level 4 of the Dungeon)

   Attacks with this weapon are significantly faster.
   Str:       It affects your strength (+3).
   Dex:       It affects your dexterity (+3).
   rCorr:     It protects you from acid and corrosion.
   Drain:     It drains your maximum health when unequipped.
 D - a +0 arbalest
 I - the +6 flail of Canwafae {elec, rN+ Stlth+}
   (You found it on level 7 of the Dungeon)

   It occasionally discharges a powerful burst of electricity upon striking a
   foe.
   rN:        It protects you from negative energy.
   Stlth:     It makes you more stealthy.
 K - a +3 vampiric glaive
 P - a +5 scimitar
Missiles
 g - 205 stones
 l - 7 poisoned darts (quivered)
 o - 2 javelins
 G - a throwing net
Armour
 b - a +0 scale mail
 c - a +0 buckler (worn)
 p - a +0 plate armour
 u - a +1 cloak (worn)
 L - +0 steam dragon scales
 N - a +1 chain mail of poison resistance (worn)
Jewellery
 k - an amulet of magic regeneration
 n - an amulet of the acrobat
 y - an amulet of faith
 F - a +6 ring of dexterity (left hand)
 M - the amulet of Fun (around neck) {Reflect rN+ Str+3 Int+2 SH+5}
   (You acquired it in a bailey)

   [amulet of reflection]

   It reflects blocked missile attacks.
   Str:       It affects your strength (+3).
   Int:       It affects your intelligence (+2).
   rN:        It protects you from negative energy.
   SH:        It affects your SH (+5).
Wands
 w - a wand of polymorph (17)
 z - a wand of flame (18)
 H - a wand of acid (7)
 J - a wand of charming (4)
 O - a wand of paralysis (5)
Scrolls
 j - a scroll of brand weapon
 s - a scroll of immolation
 v - 3 scrolls of vulnerability
 B - 6 scrolls of teleportation
 C - 4 scrolls of fear
 E - a scroll of blinking
Potions
 f - 2 potions of cancellation
 h - 2 potions of haste
 i - 3 potions of curing
 m - 2 potions of lignification
 q - a potion of flight
 r - a potion of heal wounds
 t - 2 potions of magic
 A - a potion of degeneration


   Skills:
 + Level 6.1 Fighting
 - Level 3.8(7.2) Axes
 * Level 9.6(9.9) Polearms
 + Level 1.1 Throwing
 + Level 7.8 Armour
 + Level 1.1 Dodging
 - Level 0.9 Stealth
 + Level 5.5 Shields
 * Level 7.3 Invocations
 * Level 5.1 Evocations


You had 10 spell levels left.
You didn't know any spells.
Your spell library contained the following spells:

 Spells                   Type           Power      Damage    Failure   Level
 Summon Small Mammal      Summ           0%         N/A       92%         1
 Call Canine Familiar     Summ           0%         N/A       100%        3
 Ignite Poison            Fire/Tmut/Pois 0%         N/A       100%        3
 Mephitic Cloud           Conj/Pois/Air  0%         N/A       100%        3
 Summon Guardian Golem    Hex/Summ       0%         N/A       100%        3
 Freezing Cloud           Conj/Ice/Air   0%         6-21      100%        5
 Orb of Destruction       Conj           0%         9d5       100%        7
 Spellforged Servitor     Conj/Summ      0%         N/A       100%        7


Dungeon Overview and Level Annotations

Branches:
Dungeon (8/15)             Temple (0/1) D:7            Lair (0/6) D:8
 Bailey (visited)

Altars:
Ashenzari
Elyvilon
Kikubaaqudgha
Okawaru
Qazlal
Vehumet

Shops:
D:2 *   D:3 *

Annotations:
D:4 2 transporters, b0nj0m0n's ghost, amateur DsMo
D:8 1 runed translucent door


Innate Abilities, Weirdness & Mutations

You have hoof-like feet.
You have a pair of horns on your head.
You may rarely emit foul miasma when damaged in melee.
You are partially covered in sharp spines.
You have a small tail.


Message History

You headbutt the death yak, but do no damage.
Your tail-slap misses the death yak.
The death yak is heavily wounded.
You hit the death yak. You kick the death yak.
The death yak is heavily wounded.
The death yak is struck by your spines. The death yak gores you!
* * * LOW HITPOINT WARNING * * *
You puncture the death yak! You headbutt the death yak!
The death yak is almost dead.
You hit the death yak but do no damage. You kick the death yak.
Your headbutt misses the death yak. You tail-slap the death yak.
The death yak is almost dead.
The death yak barely misses you.
You hit the death yak. You kick the death yak.
You kill the death yak!
Qazlal accepts your kill.
You miss the bullfrog. Your kick misses the bullfrog.
You puncture the bullfrog! Your kick misses the bullfrog.
You headbutt the bullfrog!
The bullfrog is severely wounded.
You block the bullfrog's attack.
You puncture the bullfrog!
You kill the bullfrog!
Qazlal accepts your kill.
You puncture the death yak!
You tail-slap the death yak, but do no damage.
The death yak is lightly wounded.
You puncture the death yak! You kick the death yak!
The death yak is moderately wounded.
The death yak is struck by your spines. The death yak gores you!
* * * LOW HITPOINT WARNING * * *
You puncture the death yak!
You headbutt the death yak, but do no damage.
The death yak is heavily wounded.
You hit the death yak. You headbutt the death yak.
The death yak is severely wounded.
You puncture the death yak!
The death yak is almost dead.
The death yak gores you!!
You die...

.......((....# #####.....##
Y.......Y....###..........#
........=....#....##......#
.............#.#..###.....#
>.........#'##.#..#
#.######
.....####.#....#.[###.#
#... ##...
#.#.........#.###.## ....
#.#Y###..##.#.....# ..#
#.#@# #.###.####### ..
.?#.# #.###.# ###.# #.....#
..# ####### ###


You could see a death yak.

Vanquished Creatures
  5 death yaks (D:8)
  An orc sorcerer (Bailey)
  Maggie (D:7)
  A kobold demonologist (Bailey)
  Eustachio (D:3)
  5 yaks (D:8)
  2 vampire mosquitoes (D:8)
  2 acid dragons (D:8)
  A water moccasin (D:8)
  2 black bears (D:6)
  12 orc warriors
  2 centaurs (D:7)
  3 ogres
  3 phantoms
  5 bullfrogs
  A scorpion (D:6)
  6 wights
  9 killer bees
  2 howler monkeys
  7 electric eels (Bailey)
  3 jellies
  Crazy Yiuf (D:3)
  4 orc priests
  4 hounds
  A gnoll shaman (D:8)
  2 iguanas
  9 orc wizards
  9 gnolls
  7 adders
  A white imp (D:5)
  An ufetubus (D:5)
  3 worms
  A dart slug (D:2)
  30 orcs
  9 ball pythons
  3 bats
  6 endoplasms
  A giant cockroach (D:2)
  8 goblins
  8 hobgoblins
  A jackal (D:4)
  5 quokkas
  6 frilled lizards
  5 kobolds
  2 rats
  2 rat zombies (D:3)
203 creatures vanquished.

Vanquished Creatures (others)
  A goblin (Bailey)
  A fungus (D:3)
  5 plants (D:4)
7 creatures vanquished.

Grand Total: 210 creatures vanquished

Notes
Turn   | Place    | Note
-------+----------+-------------------------------------------
     0 | D:1      | jlumianski the Demonspawn Fighter began the quest for the
                  | Orb.
     0 | D:1      | Reached XP level 1. HP: 18/18 MP: 1/1
   534 | D:1      | Gained mutation: You are partially covered in sharp spines.
                  | [demonic ancestry]
   534 | D:1      | Reached XP level 2. HP: 22/24 MP: 2/2
  1459 | D:2      | Found Peptehur's Assorted Antiques.
  1736 | D:3      | Discovered your monstrous ancestry.
  1736 | D:3      | Gained mutation: You have a pair of small horns on your
                  | head. [demonic ancestry]
  1736 | D:3      | Reached XP level 3. HP: 20/29 MP: 3/3
  1917 | D:3      | Gained mutation: You have a pair of horns on your head.
                  | [demonic ancestry]
  1917 | D:3      | Reached XP level 4. HP: 31/35 MP: 4/4
  2218 | D:3      | Found an ancient bone altar of Kikubaaqudgha.
  2542 | D:3      | Found Daips's Assorted Antiques.
  2587 | D:3      | Found a runed translucent door.
  2588 | D:3      | Noticed Crazy Yiuf
  2906 | D:3      | Killed Crazy Yiuf
  2907 | D:3      | Reached XP level 5. HP: 16/41 MP: 5/5
  3212 | D:4      | Found an iron altar of Okawaru.
  3215 | D:4      | Noticed a phantom
  3235 | D:4      | Killed a phantom
  3236 | D:4      | Reached XP level 6. HP: 36/48 MP: 6/6
  3386 | D:4      | Identified the +10 spear "Ungiq" {speed, Drain rCorr Str+3
                  | Dex+3}
  3574 | D:4      | Found a stormy altar of Qazlal.
  3583 | D:4      | Reached skill level 1 in Polearms
  3587 | D:4      | Became a worshipper of Qazlal Stormbringer
  3669 | D:4      | Gained mutation: You have large cloven feet. [demonic
                  | ancestry]
  3669 | D:4      | Reached XP level 7. HP: 54/54 MP: 7/7
  3825 | D:4      | Noticed Eustachio
  3854 | D:3      | Killed Eustachio
  3855 | D:3      | Reached skill level 2 in Polearms
  3958 | D:4      | Found a transporter.
  4111 | D:4      | Identified the +10 halberd "Fish" {pain, rF+ Str+4}
  4122 | D:4      | Found a transporter.
  4123 | D:4      | Noticed b0nj0m0n's ghost (amateur DsMo)
  4285 | D:5      | Entered Level 5 of the Dungeon
  4290 | D:5      | Found a broken altar of Ashenzari.
  4450 | D:5      | Reached skill level 5 in Armour
  4745 | D:5      | Reached skill level 3 in Polearms
  5001 | D:6      | Reached skill level 1 in Invocations
  5001 | D:6      | Reached skill level 1 in Evocations
  5002 | D:6      | Found a radiant altar of Vehumet.
  5053 | D:6      | Gained mutation: You have hoof-like feet. [demonic
                  | ancestry]
  5053 | D:6      | Reached XP level 8. HP: 49/61 MP: 9/9
  5336 | D:6      | Reached * piety under Qazlal
  5385 | D:6      | Reached skill level 4 in Polearms
  6173 | D:7      | Reached skill level 5 in Polearms
  6173 | D:7      | Reached skill level 1 in Throwing
  6192 | D:7      | Reached skill level 5 in Fighting
  6255 | D:7      | Reached ** piety under Qazlal
  6263 | D:7      | Reached XP level 9. HP: 58/68 MP: 11/11
  6267 | D:7      | Identified the +6 flail of Canwafae {elec, rN+ Stlth+}
  6367 | D:7      | Found a staircase to the Ecumenical Temple.
  6615 | D:7      | Noticed Maggie
  6632 | D:7      | Killed Maggie
  6633 | D:7      | Reached skill level 6 in Polearms
  6879 | D:8      | Found a flagged portal.
  6902 | Bailey   | Entered a bailey
  7236 | Bailey   | Reached *** piety under Qazlal
  7287 | Bailey   | Reached skill level 7 in Polearms
  7796 | Bailey   | Acquired the amulet of Fun {Reflect rN+ Str+3 Int+2 SH+5}
  7864 | Bailey   | Found an iron altar of Okawaru.
  7947 | Bailey   | Gained mutation: You may rarely emit foul miasma when
                  | damaged in melee. [demonic ancestry]
  7947 | Bailey   | Reached XP level 10. HP: 46/74 MP: 13/13
  7948 | Bailey   | Noticed an orc sorcerer
  7951 | Bailey   | Paralysed by an orc sorcerer for 5 turns
  7961 | Bailey   | Paralysed by an orc sorcerer for 3 turns
  7971 | Bailey   | Killed an orc sorcerer
  7972 | Bailey   | Noticed a rust devil
  7973 | Bailey   | Reached skill level 5 in Invocations
  8495 | Bailey   | Noticed an orc knight
  9111 | D:8      | Reached skill level 8 in Polearms
  9682 | D:8      | Reached skill level 5 in Shields
 10039 | D:8      | Found a runed translucent door.
 10039 | D:8      | Noticed a sixfirhy
 10141 | D:8      | Noticed a death yak
 10141 | D:8      | Noticed a death yak
 10142 | D:8      | Noticed a death yak
 10143 | D:8      | Found a staircase to the Lair.
 10143 | D:8      | Noticed a death yak
 10143 | D:8      | Noticed a death yak
 10176 | D:8      | Killed a death yak
 10177 | D:8      | Reached skill level 9 in Polearms
 10177 | D:8      | Reached skill level 1 in Dodging
 10182 | D:8      | Killed a death yak
 10183 | D:8      | Gained mutation: You have a small tail. [demonic ancestry]
 10183 | D:8      | Reached XP level 11. HP: 50/81 MP: 14/16
 10332 | D:8      | Noticed a death yak
 10347 | D:8      | Killed a death yak
 10348 | D:8      | Reached skill level 5 in Evocations
 10350 | D:8      | Killed a death yak
 10361 | D:8      | Killed a death yak
 10369 | D:8      | Slain by a death yak

Illustrated notes

Levels and vault maps discovered:
D:1:      minmay_arrival_nine_rooms, layout_basic
D:2:      layout_basic, serial_shops, shop
D:3:      layout_loops_corners, lemuel_zombie_altar_kikubaaqudgha, serial_shops,
          nicolae_shop_crystal, uniq_crazy_yiuf_cottage
D:4:      layout_basic, mainiacjoe_overflow_catwalk, okawaru_ov_weapons_minmay,
          gammafunk_ghost_gnarly_gnolls, kennysheep_opposing_triangles,
          uniq_eustachio
D:5:      layout_loops_ring, mainiacjoe_overflow_small_starburst
D:6:      layout_basic, vehumet_crystals, mainiacjoe_overflow_brackets
D:7:      layout_basic, minmay_temple_entry_stoned_glass,
          dreamdust_princess_corridor, uniq_maggie
D:8:      cheibrodos_shockbox, layout_basic, dpeg_lair_monsters, enter_bailey_6,
          nicolae_ossuary_entry_monument

Skill      XL: |  1  2  3  4  5  6  7  8  9 10 11 |
---------------+----------------------------------+-----
Axes           | 2 3 |  3.8
Armour         | 3 4 5 7 |  7.8
Shields        | 3 4 5 |  5.5
Polearms       | 1 3 5 7 9 |  9.6
Fighting       | 4 5 6 |  6.1
Invocations    | 1 3 4 6 7 |  7.3
Evocations     | 1 2 3 4 5 |  5.1
Throwing       | 1 |  1.1
Dodging        | 1 |  1.1
Stealth        | |  0.9

Action                   |  1- 3 |  4- 6 |  7- 9 | 10-12 || total
-------------------------+-------+-------+-------+-------++-------
Melee: War axe           |    84 |    50 |       |       ||   134
       Headbutt          |     1 |    11 |    35 |    39 ||    86
       Spear             |       |    27 |   231 |   172 ||   430
       Kick              |       |       |    59 |    69 ||   128
       Tailslap          |       |       |       |     6 ||     6
Throw: Dart              |       |     3 |     2 |     2 ||     7
Invok: Upheaval          |       |       |       |     2 ||     2
Evoke: Wand              |       |       |       |     1 ||     1
  Use: Potion            |     1 |     1 |     5 |     2 ||     9
       Scroll            |       |       |    14 |     1 ||    15
Armor: Scale mail        |    32 |       |       |       ||    32
       Plate armour      |    17 |    23 |    66 |     8 ||   114
       Chain mail        |       |       |       |    30 ||    30
Dodge: Dodged            |    30 |    20 |    23 |    18 ||    91
Block: Buckler           |    32 |    13 |    47 |    72 ||   164

Table legend: (Time is in decaauts)
 A = Elapsed time spent in this place.
 B = Non-inter-level travel time spent in this place.
 C = Inter-level travel time spent in this place.
 D = Time resting spent in this place.
 E = Time spent auto-exploring this place.
 F = Levels seen in this place.
 G = Mean time per level.
                   A        B        C        D        E       F      G
               +--------+--------+--------+--------+--------+-----+--------+
         Total |  10259 |  10099 |    160 |   1462 |   6055 |   9 | 1139.9 |
       Dungeon |   8188 |   8028 |    160 |    165 |   5956 |   8 | 1023.5 |
        Bailey |   2071 |   2071 |      0 |   1297 |     99 |   1 | 2071.0 |
               +--------+--------+--------+--------+--------+-----+--------+

Top non-repeatable levels by time:
  Bailey: 2071 daAuts
     D:3: 1454 daAuts
     D:6: 1127 daAuts
     D:4: 1114 daAuts
     D:8: 1041 daAuts
     D:7: 1013 daAuts
     D:1: 1003 daAuts
     D:2: 754 daAuts
     D:5: 679 daAuts
